 Dungeon Crawl Stone Soup version 0.29.1-14-g9c671dbff4 (webtiles) character file.

Game seed: 17025392236993690136

1563 leafyfresh the Covert (level 8, -3/60 (68) HPs)
             Began as a Gnoll Delver on Feb 13, 2023.
             Was an Initiate of Cheibriados.
             Slain by a wight
             ... wielding a +5 battleaxe
              (15 damage)
             ... on level 7 of the Dungeon.
             The game lasted 00:11:20 (9286 turns).

leafyfresh the Covert (Gnoll Delver)                Turns: 9286, Time: 00:11:20

HP:   -3/60 (68)    AC:  7    Str: 18    XL:     8   Next: 89%
MP:   13/13         EV: 15    Int: 11    God:    Cheibriados [......]
Gold: 376           SH:  0    Dex: 17    Spells: 11/14 levels left

rFire   . . .      SeeInvis .   w - +2 sling (venom)
rCold   . . .      Faith    .   (no shield)
rNeg    . . .      Spirit   .   b - +0 leather armour
rPois   .          Reflect  .   (no helmet)
rElec   .          Harm     .   (no cloak)
rCorr   .          Rampage  .   (no gloves)
Will    .....                   (no boots)
Stlth   ++++......              (no amulet)
HPRegen 0.20/turn               k - +6 ring of strength
MPRegen 0.13/turn               e - +4 ring of protection

@: mighty, about to teleport, heavily drained, very slow
A: fangs 1, strong nose, distributed training
a: Renounce Religion


You were on level 7 of the Dungeon.
You worshipped Cheibriados.
Cheibriados was noncommittal.
You visited 2 branches of the dungeon, and saw 9 of its levels.

You collected 376 gold pieces.

Inventory:

Hand Weapons
 a - a +0 spear
 w - a +2 sling of venom (weapon)
Missiles
 D - a throwing net
Armour
 b - a +0 leather armour (worn)
 x - a +1 pair of gloves
Magical Staves
 h - a staff of conjuration
Jewellery
 e - a +4 ring of protection (right hand)
 k - a +6 ring of strength (left hand)
 z - a ring of positive energy
 G - a ring of protection from cold
Wands
 g - a wand of digging (3)
 y - a wand of mindburst (9)
Scrolls
 c - a scroll of fog
 n - 2 scrolls of torment
 o - a scroll of noise
 r - 3 scrolls of magic mapping
 s - a scroll of amnesia
 t - 3 scrolls of teleportation
 u - 4 scrolls of butterflies
 v - 2 scrolls of vulnerability
Potions
 d - 2 potions of lignification
 f - a potion of haste
 i - a potion of might
 j - 3 potions of berserk rage
 l - a potion of magic {unknown}
 m - 3 potions of curing {unknown}
 q - 3 potions of brilliance {unknown}
 A - 2 potions of heal wounds {unknown}
 B - a potion of cancellation {unknown}
 C - a potion of degeneration {unknown}
 E - a potion of invisibility {unknown}
 F - a potion of mutation {unknown}
 I - a potion of ambrosia {unknown}


   Skills:
 + Level 7.6 Fighting
 + Level 3.8 Short Blades
 + Level 3.8 Long Blades
 + Level 3.8 Axes
 + Level 3.8 Maces & Flails
 + Level 6.0 Polearms
 + Level 3.8 Staves
 + Level 3.8 Ranged Weapons
 + Level 3.8 Throwing
 + Level 3.8 Armour
 + Level 6.0 Dodging
 + Level 10.3 Stealth
 + Level 3.8 Shields
 + Level 3.8 Unarmed Combat
 + Level 3.8 Spellcasting
 + Level 3.1 Conjurations
 + Level 3.1 Hexes
 + Level 3.1 Summonings
 + Level 3.1 Necromancy
 + Level 3.1 Translocations
 + Level 3.1 Transmutations
 + Level 3.1 Fire Magic
 + Level 3.1 Ice Magic
 + Level 3.1 Air Magic
 + Level 3.1 Earth Magic
 + Level 3.1 Poison Magic
 + Level 4.2 Invocations
 + Level 3.8 Evocations


You had 11 spell levels left.
You knew the following spells:

 Your Spells              Type           Power      Damage    Failure   Level
a - Stone Arrow           Conj/Erth      18%        3d8       24%         3

Your spell library contained the following spells:

 Spells                   Type           Power      Damage    Failure   Level
 Animate Armour           Summ/Erth      18%        N/A       61%         4
 Lehudib's Crystal Spear  Conj/Erth      4%         10d3      100%        8


Dungeon Overview and Level Annotations

Branches:
Dungeon (8/15)             Temple (1/1) D:6
   Lair: D:8-11

Altars:
Ashenzari
Cheibriados
Dithmenos
Fedhas
Gozag
Hepliaklqana
Kikubaaqudgha
Makhleb
Nemelex Xobeh
Okawaru
Qazlal
Ru
Trog
Wu Jian
Xom
Yredelemnul
Zin
The Shining One

Annotations:
D:3 1 runed translucent door, nalyd1's ghost, amateur DsFE
D:6 1 runed translucent door


Innate Abilities, Weirdness & Mutations

You have very sharp teeth.
Your uncanny sense of smell can sniff out nearby items.
Your experience applies equally to all skills.


Message History

The sling bullet hits the wight but does no damage.
The wight is lightly damaged.
You shoot a sling bullet. The sling bullet hits the wight.
The wight is lightly damaged.
You shoot a sling bullet. The sling bullet hits the wight.
The wight is lightly damaged.
Unknown command.
The wight attacks as you move away! The wight hits you with a +5 battleaxe.
The wight misses you. The wight closely misses you.
The wight attacks as you move away! The wight barely misses you.
Unknown command.
Okay, then.
Unknown command.
Unknown command.
The wight attacks as you move away! The wight hits you but does no damage.
The wight attacks as you move away! The wight closely misses you.
The wight barely misses you. The wight attacks as you move away!
The wight closely misses you. The wight closely misses you.
The wight misses you. The wight attacks as you move away!
The wight barely misses you. The wight attacks as you move away!
The wight barely misses you. The wight attacks as you move away!
The wight hits you with a +5 battleaxe.
You feel drained. The wight closely misses you.
The wight hits you with a +5 battleaxe!
You feel drained. The wight attacks as you move away!
The wight closely misses you. The wight barely misses you.
The wight hits you with a +5 battleaxe!
You feel drained. The wight attacks as you move away! The wight misses you.
There is a stone staircase leading up here.
The wight closely misses you.
The wight hits you from afar with a +0 spear.
You feel drained.
You climb upwards.
There is a stone staircase leading down here.
You feel very mighty all of a sudden. The wight hits you with a +5 battleaxe!
* * * LOW HITPOINT WARNING * * *
As you read the scroll of teleportation, it crumbles to dust.
You feel strangely unstable. The wight hits you with a +5 battleaxe!
You die...

≈≈#≈≈#####.# ##.## #.#
≈≈#≈~#####.# ##...## #.#
≈≈≈≈≈......# #.....#### #.#
≈###≈#####.# ##.......# #.#
~~~≈~.####.## ##..#...####.#
..###.......####..#.#......#
#......###..^.........######
######.####.####.z###.#
#......# #@.# #.#
###########..###.#
#).......##......#
#.######.##.######
###.######.#...##
##.#.##...#......##
#.......#.†.......######
##.#.##...#........<...#
###........##......#####.#


You could see a wight.

Vanquished Creatures
  Grinder (D:6)
  A water moccasin (D:7)
  A black bear (D:6)
  3 ogres (D:5)
  3 bullfrogs
  2 scorpions
  A necrophage (D:5)
  2 hounds
  A gnoll bouda (D:5)
  2 orc priests
  7 iguanas
  4 gnolls (D:5)
  9 adders
  2 shadow imps
  2 white imps (D:6)
  10 orcs
  7 bats
  2 endoplasms (D:2)
  6 giant cockroaches
  5 goblins
  6 hobgoblins
  4 jackals (D:1)
  5 ball pythons
  4 frilled lizards
  A goblin zombie (D:6)
  A jackal zombie (D:6)
  7 kobolds
  3 rats
  A spectral kobold (D:3)
103 creatures vanquished.

Notes
Turn   | Place    | Note
-------+----------+-------------------------------------------
     0 | D:5      | Reached skill level 9 in Stealth
     0 | D:5      | leafyfresh the Gnoll Delver began the quest for the Orb.
     0 | D:5      | Reached XP level 1. HP: 23/23 MP: 1/1
    23 | D:5      | Noticed a necrophage
    37 | D:5      | Noticed an ogre
    50 | D:5      | Reached XP level 2. HP: 23/29 MP: 2/2
   315 | D:4      | Reached skill level 1 in Short Blades
   315 | D:4      | Reached skill level 1 in Long Blades
   315 | D:4      | Reached skill level 1 in Axes
   315 | D:4      | Reached skill level 1 in Maces & Flails
   315 | D:4      | Reached skill level 1 in Staves
   315 | D:4      | Reached skill level 1 in Ranged Weapons
   315 | D:4      | Reached skill level 1 in Throwing
   315 | D:4      | Reached skill level 1 in Armour
   315 | D:4      | Reached skill level 1 in Shields
   315 | D:4      | Reached skill level 1 in Unarmed Combat
   315 | D:4      | Reached skill level 1 in Spellcasting
   315 | D:4      | Reached skill level 1 in Invocations
   315 | D:4      | Reached skill level 1 in Evocations
   315 | D:4      | Reached XP level 3. HP: 3/35 MP: 2/4
   886 | D:1      | Found a faded altar of an unknown god.
   973 | D:1      | Reached XP level 4. HP: 41/41 MP: 5/5
  1922 | D:2      | Reached skill level 1 in Conjurations
  1922 | D:2      | Reached skill level 1 in Hexes
  1922 | D:2      | Reached skill level 1 in Summonings
  1922 | D:2      | Reached skill level 1 in Necromancy
  1922 | D:2      | Reached skill level 1 in Translocations
  1922 | D:2      | Reached skill level 1 in Transmutations
  1922 | D:2      | Reached skill level 1 in Fire Magic
  1922 | D:2      | Reached skill level 1 in Ice Magic
  1922 | D:2      | Reached skill level 1 in Air Magic
  1922 | D:2      | Reached skill level 1 in Earth Magic
  1922 | D:2      | Reached skill level 1 in Poison Magic
  2784 | D:2      | Learned a level 3 spell: Stone Arrow
  3271 | D:3      | Reached XP level 5. HP: 41/47 MP: 7/7
  3327 | D:3      | Found a runed translucent door.
  3327 | D:3      | Noticed nalyd1's ghost (amateur DsFE)
  3679 | D:3      | Found a hazy altar of Hepliaklqana.
  3964 | D:3      | Found a burning altar of Makhleb.
  4839 | D:4      | Reached skill level 5 in Polearms
  4839 | D:4      | Reached skill level 5 in Dodging
  4839 | D:4      | Reached XP level 6. HP: 15/53 MP: 7/9
  5409 | D:4      | Found an ancient bone altar of Kikubaaqudgha.
  5476 | D:4      | You fall into a shaft and drop 3 floors!
  5961 | D:6      | Reached XP level 7. HP: 59/59 MP: 10/10
  5961 | D:6      | Found a staircase to the Ecumenical Temple.
  5961 | D:6      | Noticed a human
  6002 | D:6      | Found a runed translucent door.
  6008 | D:6      | Found a basalt altar of Yredelemnul.
  6323 | D:5      | Reached skill level 10 in Stealth
  6633 | D:5      | Reached XP level 8. HP: 67/67 MP: 12/12
  6696 | D:5      | Found a glowing golden altar of the Shining One.
  7051 | D:5      | Found a sacrificial altar of Ru.
  7751 | D:6      | Noticed Grinder
  7753 | D:6      | Paralysed by Grinder for 3 turns
  7767 | D:6      | Killed Grinder
  8150 | Temple   | Entered the Ecumenical Temple
  8167 | Temple   | Became a worshipper of Cheibriados the Contemplative
  9286 | D:7      | Slain by a wight

Illustrated notes

Levels and vault maps discovered:
D:1:      zaba_arrival_water, layout_loops_ring,
          shapermc_ecumenical_altar_pompeii, hangedman_decor_push
D:2:      layout_basic
D:3:      layout_basic, nicolae_hepliaklqana_monster_ancestors,
          mainiacjoe_overflow_alcove_2, ebering_ghost_inner_flame
D:4:      layout_basic, mainiacjoe_overflow_tiny_flanked
D:5:      layout_loops_cross, tso_oasis_becter,
          mainiacjoe_overflow_surrounded_room, portal_sewer_entry_d,
          minmay_misc_feat_enclosed
D:6:      layout_rooms, dk_yredelemnul_ordeal, minmay_temple_entry_grid,
          kennysheep_generic_room_13, uniq_grinder
D:7:      layout_loops_corners, hex_tiny, minmay_crystal_water
D:8:      layout_loops_cross, mainiacjoe_overflow_cross_hatched,
          minmay_shop_damaged
Temple:   hellmonk_temple_two_chambers

Skill      XL: |  1  2  3  4  5  6  7  8 |
---------------+-------------------------+-----
Stealth        | 10 | 10.3
Short Blades   | 1 2 3 |  3.8
Long Blades    | 1 2 3 |  3.8
Axes           | 1 2 3 |  3.8
Maces & Flails | 1 2 3 |  3.8
Staves         | 1 2 3 |  3.8
Ranged Weapons | 1 2 3 |  3.8
Throwing       | 1 2 3 |  3.8
Armour         | 1 2 3 |  3.8
Shields        | 1 2 3 |  3.8
Unarmed Combat | 1 2 3 |  3.8
Spellcasting   | 1 2 3 |  3.8
Invocations    | 1 2 3 4 |  4.2
Evocations     | 1 2 3 |  3.8
Conjurations   | 1 2 3 |  3.1
Hexes          | 1 2 3 |  3.1
Summonings     | 1 2 3 |  3.1
Necromancy     | 1 2 3 |  3.1
Translocations | 1 2 3 |  3.1
Transmutations | 1 2 3 |  3.1
Fire Magic     | 1 2 3 |  3.1
Ice Magic      | 1 2 3 |  3.1
Air Magic      | 1 2 3 |  3.1
Earth Magic    | 1 2 3 |  3.1
Poison Magic   | 1 2 3 |  3.1
Polearms       | 5 6 |  6.0
Dodging        | 5 6 |  6.0
Fighting       | 7 |  7.6

Action                   |  1- 3 |  4- 6 |  7- 9 || total
-------------------------+-------+-------+-------++-------
Melee: Spear             |    72 |   159 |     1 ||   232
       Bite              |     3 |     8 |       ||    11
       Punch             |       |     3 |       ||     3
 Fire: Sling             |       |   121 |   154 ||   275
  Use: Scroll            |     1 |     8 |    10 ||    19
       Potion            |       |       |     1 ||     1
 Stab: Sleeping          |     4 |    10 |       ||    14
       Distracted        |       |     1 |       ||     1
Armor: Leather armour    |    14 |    20 |    12 ||    46
Dodge: Dodged            |    43 |   119 |    65 ||   227
